 Dungeon Crawl Stone Soup version 0.16.1-11-g651b585 (webtiles) character file.

23937 McCoppin the Cleaver (level 13, -7/123 HPs)
             Began as a Naga Gladiator on Mar 31, 2015.
             Was a High Priest of Ru.
             Mangled by a death yak (19 damage)
             ... on level 5 of the Lair of Beasts.
             The game lasted 01:25:12 (19971 turns).

McCoppin the Cleaver (Naga Gladiator)              Turns: 19971, Time: 01:25:12

Health: -7/123     AC: 17    Str: 20    XL:     13   Next: 9%
Magic:  13/13      EV: 14    Int: 10    God:    Ru [*****.]
Gold:   792        SH:  0    Dex: 15    Spells: 0 memorised, 12 levels left

rFire  . . .     SeeInvis +     i - +0 battleaxe
rCold  + + .     Clarity  .     o - +2 ring mail {MR+}
rNeg   . . .     SustAb   .     (no shield)
rPois  +         Gourm    .     c - +0 helmet
rElec  .         Spirit   .     (no cloak)
rCorr  .         Warding  .     r - +1 pair of gloves
rMut   .         Stasis   .     (no barding)
MR     +....                    g - amulet of regeneration
Stlth  ++++++....               n - +2 ring of dexterity
                                M - ring of stealth

@: exhausted, drained, very slow, somewhat resistant to hostile enchantments,
very stealthy
A: spit poison, constrict 1, claws 1, molten scales 1, yellow scales 1, see
invisible, cold resistance 2, deformed body, poison resistance, slowness 2,
evolution 2, no device heal 1, inability to use devices, hated by all, no
conjurations magic, no ice magic, no transmutations magic, magic vulnerability
1, AC +4
a: Spit Poison, Draw Out Power, Power Leap, Apocalypse, Renounce Religion


You were on level 5 of the Lair of Beasts.
You worshipped Ru.
Ru was extremely pleased with you.
You were not hungry.

You visited 3 branches of the dungeon, and saw 15 of its levels.
You also visited: Labyrinth.

You collected 869 gold pieces.
You spent 77 gold pieces at shops.

Inventory:

Hand weapons
 a - a +0 war axe
 b - a +5 hand axe
 i - a +0 battleaxe (weapon)
 C - a +1 blowgun
 Z - the +8 mace "Leoc" {flame, rC+ rN++ Str+4 Int-3}
   (You found it in a labyrinth)

   It has been specially enchanted to burn those struck by it, causing extra
   injury to most foes and up to half again as much damage against particularly
   susceptible opponents.
   It affects your strength (+4).
   It affects your intelligence (-3).
   It protects you from cold.
   It greatly protects you from negative energy.
Missiles
 d - 3 throwing nets
 k - 324 stones (quivered)
 B - 51 poisoned needles
 U - 6 needles of sleeping
Armour
 c - a +0 helmet (worn)
 o - a +2 ring mail of magic resistance (worn)
 r - a +1 pair of gloves (worn)
 A - a +3 ring mail
 Y - a +2 leather armour of cold resistance
Jewellery
 g - an amulet of regeneration (around neck)
 n - a +2 ring of dexterity (right hand)
 u - the ring of Pral {Fire Int+2}
   (You found it on level 9 of the Dungeon)

   [ring of fire]

   It enhances your fire magic, and weakens your ice magic.
   It affects your intelligence (+2).
   It protects you from fire.
   It makes you vulnerable to cold.
 y - an uncursed amulet of the gourmand
 z - a -3 ring of dexterity
 I - an uncursed ring of wizardry
 K - the cursed necklace of Bloodlust {*Rage +Rage MR+ Str+2 Int-2 Slay+3 Curse}
   (You found it in a labyrinth)

   [amulet of rage]

   It affects your strength (+2).
   It affects your intelligence (-2).
   It affects your accuracy and damage with ranged weapons and melee attacks
   (+3).
   It affects your resistance to hostile enchantments.
   It lets you go berserk.
   It may make you go berserk in combat.
   It may re-curse itself when equipped.
   It has a curse placed upon it.
 M - a ring of stealth (left hand)
 P - a +2 ring of strength
Scrolls
 e - a scroll of immolation
 j - 5 scrolls of recharging
 D - 3 scrolls of identify
 F - a scroll of remove curse
 G - 5 scrolls of amnesia
 H - a scroll of teleportation
 N - 2 scrolls of enchant armour
 R - a scroll of fog
 T - a scroll of magic mapping
Potions
 l - 3 potions of agility
 m - 2 potions of might
 p - 6 potions of brilliance
 t - a potion of cancellation
 x - a potion of poison
 E - 2 potions of lignification {unknown}
 J - a potion of berserk rage
 O - a potion of haste
Books
 h - a book of the Dragon

   Spells                             Type                      Level
   a - Flight                         Charms/Air                   3
   b - Cause Fear                     Hexes                        4
   c - Bolt of Fire                   Conjuration/Fire             6
   d - Dragon Form                    Transmutation                7
   e - Dragon's Call                  Summoning                    9
 Q - a Fen Folio

   Spells                             Type                      Level
   a - Corpse Rot                     Necromancy                   2
   b - Stone Arrow                    Conjuration/Earth            3
   c - Leda's Liquefaction            Hexes/Earth                  4
   d - Summon Forest                  Summoning/Translocation      5
   e - Hydra Form                     Transmutation                6
   f - Summon Hydra                   Summoning                    7
Comestibles
 f - 3 bread rations
 s - 4 slices of pizza
 v - 11 royal jellies
 w - 8 meat rations
 L - 4 beef jerkies
 V - 9 fruits


   Skills:
 - Level 10.0(9.6) Fighting
 - Level 11.6(11.2) Axes
 - Level 1.7(1.4) Throwing
 + Level 7.5(7.2) Armour
 + Level 9.6(9.2) Dodging
 - Level 11.0(10.6) Stealth


You had 12 spell levels left.
You didn't know any spells.

Dungeon Overview and Level Annotations

Branches:
Dungeon (9/15)             Temple (1/1) D:4            Lair (5/8) D:9
  Swamp (0/5) Lair:4        Snake (0/5) Lair:5
    Orc: D:9-12

Altars:
Ashenzari
Cheibriados
Dithmenos
Elyvilon
Fedhas
Gozag
Kikubaaqudgha
Makhleb
Nemelex Xobeh
Qazlal
Ru
Sif Muna
Trog
Vehumet
Xom
Yredelemnul
Zin
The Shining One
Lugonu

Shops:
D:6 [   D:7 [   D:8 (

Annotations:
D:9 exclusion: statue
Lair:4 1 exclusion


Innate Abilities, Weirdness & Mutations

You cannot wear boots.
You can spit poison.
You can use your snake-like lower body to constrict enemies.
Your serpentine skin is tough (AC +4).
You have supernaturally acute eyesight.
Armour fits poorly on your strangely shaped body.
Your system is resistant to poisons.
You cover ground very slowly.
Potions and wands are less effective at restoring your health.
You cannot study or use magical devices.
You are hated by all.
You cannot study or cast Conjurations magic.
You cannot study or cast Ice magic.
You cannot study or cast Transmutations magic.
You are slightly vulnerable to magic.
You have sharp fingernails.
You are partially covered in molten scales (AC +1).
You are partially covered in yellow scales (AC +2).
Your flesh is very cold resistant.
You rapidly evolve.


Message History

The death yak is moderately wounded.
The death yak misses you.
You catch the helpless death yak completely off-guard!
You slice the death yak!!
The death yak is severely wounded.
The death yak is no longer blind.
The death yak completely misses you.
You hit the death yak but do no damage.
The death yak is severely wounded.
The death yak gores you! x2
* * * LOW HITPOINT WARNING * * *
You focus your will and blind the death yak in retribution!
You hit the death yak but do no damage.
The death yak is severely wounded.
You barely miss the death yak.
The death yak is severely wounded.
The death yak is no longer blind.
The death yak gores you!!
* * * LOW HITPOINT WARNING * * *
The death yak barely misses you. The death yak gores you!!
You die...

..#..............................
.........#.......#...............
..............##.................
...#....P..###...#...............
##.#.............................
##........................÷†....
.............##...####......<....
.............P##....###..........
..............##@#....#.P........
.............##Y.##P.##..........
.............#....####...........
..##........##...## #............
P.#.........##..## Y#............
..#.........##..##.%##...........
............#....†..#P...........
..#.).......##.##†###............
..##.........#######.............


You could see a death yak.

Vanquished Creatures
  A minotaur (Lab)
  A hydra (Lair:4)
  2 catoblepae (Lair:4)
  A centaur warrior (D:8)
  5 death yaks
  2 black mambas
  5 elephants (Lair:2)
  4 spiny frogs
  A troll (D:9)
  3 komodo dragons
  Grinder (D:3)
  A deep elf mage (D:9)
  15 yaks
  7 hippogriffs
  A deep elf fighter (D:9)
  A fire elemental (Lair:4)
  Eustachio (D:8)
  A vampire (D:8)
  3 fire bats (Lair:4)
  A naga (Lair:5)
  Edmund (D:7)
  8 water moccasins
  4 wolves
  10 porcupines
  2 sky beasts (D:8)
  An ice beast (D:8)
  2 orc warriors (D:9)
  3 black bears
  2 wasps
  2 centaurs
  4 ogres
  2 phantoms
  4 crocodiles
  Duvessa (D:7)
  A big kobold (D:8)
  15 giant frogs
  2 water moccasin skeletons
  4 jellies (D:8)
  6 scorpions
  A quasit (D:9)
  5 wights (D:9)
  3 crimson imps
  Dowan (D:7)
  2 goliath beetles
  3 orc priests
  A giant frog skeleton (D:5)
  10 hounds
  6 orc wizards
  5 iguanas
  7 sheep (Lair:2)
  4 worker ants
  Jessica (D:2)
  A hound zombie (D:7)
  2 hound skeletons
  3 gnolls (D:3)
  33 river rats
  14 adders
  2 giant mites (D:6)
  2 shadow imps
  An adder zombie (D:9)
  3 adder skeletons
  2 giant geckos
  10 oozes
  24 orcs
  5 ball pythons
  19 bats
  A bat skeleton (D:5)
  6 giant cockroaches
  16 hobgoblins
  9 jackals
  11 quokkas
  A giant gecko skeleton (D:3)
  2 giant newts
  10 goblins
  A jackal zombie (D:5)
  20 kobolds
  16 rats
  4 fungi
  4 plants
402 creatures vanquished.

Vanquished Creatures (others)
  A death yak (Lair:5)
  An elephant (Lair:2)
  A basilisk (Lair:2)
  A fire bat (Lair:4)
  A yak (Lair:4)
  2 hippogriffs
  An electric eel (Lair:3)
  A sheep (Lair:2)
  An adder (D:4)
  A river rat (Lair:5)
  A kobold (D:8)
  2 fungi (Lair:3)
  A plant (Lair:4)
15 creatures vanquished.

Grand Total: 417 creatures vanquished

Notes
Turn   | Place    | Note
--------------------------------------------------------------
     0 | D:1      | McCoppin, the Naga Gladiator, began the quest for the Orb.
     0 | D:1      | Reached XP level 1. HP: 19/19 MP: 1/1
   465 | D:1      | Reached XP level 2. HP: 22/27 MP: 2/2
  1286 | D:2      | Reached XP level 3. HP: 31/33 MP: 3/3
  1307 | D:2      | Noticed Jessica
  1321 | D:2      | Killed Jessica
  1721 | D:2      | Reached XP level 4. HP: 29/42 MP: 4/4
  2110 | D:2      | Found a glowing silver altar of Zin.
  2110 | D:2      | Noticed an angel
  2128 | D:2      | Reached skill level 4 in Axes
  2693 | D:2      | Reached XP level 5. HP: 38/50 MP: 5/5
  3195 | D:3      | Reached XP level 6. HP: 20/58 MP: 6/6
  3485 | D:3      | Noticed Grinder
  3500 | D:3      | Killed Grinder
  3500 | D:3      | Reached skill level 5 in Fighting
  3500 | D:3      | Reached skill level 5 in Axes
  3526 | D:3      | Reached XP level 7. HP: 65/67 MP: 7/7
  3582 | D:3      | Found a sparkling altar of Nemelex Xobeh.
  3781 | D:3      | You fall through a shaft!
  3781 | D:4      | Found a white marble altar of Elyvilon.
  3880 | D:4      | Found a stormy altar of Qazlal.
  4054 | D:4      | Reached skill level 6 in Axes
  4149 | D:4      | Found a staircase to the Ecumenical Temple.
  4167 | Temple   | Entered the Ecumenical Temple
  4212 | Temple   | Became a worshipper of Ru the Awakened
  4497 | D:5      | Entered Level 5 of the Dungeon
  4556 | D:5      | Found a deep blue altar of Sif Muna.
  4569 | D:5      | Found an opulent altar of Gozag.
  4569 | D:5      | Found a sparkling altar of Nemelex Xobeh.
  4577 | D:5      | Found a blossoming altar of Fedhas.
  4783 | D:5      | Reached XP level 8. HP: 78/78 MP: 8/8
  5246 | D:6      | Found Mnag's Armour Boutique.
  5251 | D:6      | Reached skill level 7 in Axes
  5332 | D:6      | Bought a cursed +0 pair of gloves for 19 gold pieces
  5332 | D:6      | Bought a +0 helmet for 58 gold pieces
  5424 | D:6      | Gained mutation: You are hated by all. [Ru sacrifice]
  5424 | D:6      | Acquired Ru's first power
  6798 | D:7      | Found a bloodstained altar of Trog.
  6807 | D:7      | Reached skill level 8 in Axes
  7094 | D:7      | Reached XP level 9. HP: 56/86 MP: 9/9
  7254 | D:7      | Gained mutation: Your flesh is cold resistant. [potion of beneficial mutation]
  7657 | D:7      | Found Ujea's Armour Shop.
  7751 | D:7      | Noticed Dowan
  7752 | D:7      | Noticed Duvessa
  7762 | D:7      | Killed Dowan
  7769 | D:7      | Killed Duvessa
  7769 | D:7      | Reached skill level 9 in Axes
  7920 | D:7      | Noticed Edmund
  7943 | D:7      | Killed Edmund
  7957 | D:7      | Gained mutation: You are slightly vulnerable to magic. [Ru sacrifice]
  7957 | D:7      | Acquired Ru's second power
  8488 | D:8      | Noticed Eustachio
  8501 | D:8      | Killed Eustachio
  8513 | D:8      | Reached skill level 10 in Axes
  8688 | D:8      | Reached XP level 10. HP: 76/98 MP: 10/10
  8777 | D:8      | Noticed a centaur warrior
  8795 | D:8      | Killed a centaur warrior
  8795 | D:8      | Reached skill level 5 in Dodging
  9256 | D:8      | Gained mutation: You evolve. [mutagenic meat]
  9641 | D:8      | Reached skill level 11 in Axes
  9920 | D:8      | Found Cruphitt's Weapon Emporium.
 10434 | D:9      | Gained mutation: You rapidly evolve. [potion of beneficial mutation]
 10448 | D:9      | Got a clouded platinum ring
 10556 | D:9      | Gained mutation: You are partially covered in yellow scales (AC +2). [evolution]
 10657 | D:9      | Identified the ring of Pral {Fire Int+2} (You found it on level 9 of the Dungeon)
 10749 | D:9      | Gained mutation: You cannot study or cast Ice magic. [Ru sacrifice]
 10749 | D:9      | Gained mutation: You cannot study or cast Transmutations magic. [Ru sacrifice]
 10749 | D:9      | Gained mutation: You cannot study or cast Conjurations magic. [Ru sacrifice]
 10749 | D:9      | Acquired Ru's third power
 10754 | D:9      | Found a shattered altar of Ashenzari.
 11136 | D:9      | Reached skill level 5 in Stealth
 11234 | D:9      | Found a staircase to the Lair.
 11496 | D:9      | Reached XP level 11. HP: 77/106 MP: 11/11
 11531 | D:9      | Found a radiant altar of Vehumet.
 11931 | Lair:1   | Entered Level 1 of the Lair of Beasts
 12410 | Lair:1   | Reached skill level 10 in Stealth
 13645 | Lair:2   | Reached skill level 10 in Fighting
 14177 | Lair:2   | Reached skill level 1 in Armour
 14178 | Lair:2   | HP: 4/108 [elephant (16)]
 14811 | Lair:2   | Gained mutation: You have sharp fingernails. [evolution]
 15314 | Lair:3   | Reached XP level 12. HP: 59/116 MP: 12/12
 15896 | Lair:4   | Found a labyrinth entrance.
 15912 | Lab      | Entered a labyrinth
 17307 | Lab      | Gained mutation: You cannot study or use magical devices. [Ru sacrifice]
 17307 | Lab      | Acquired Ru's fourth power
 17307 | Lab      | Acquired Ru's fifth power
 17477 | Lab      | Noticed a minotaur
 17490 | Lab      | Killed a minotaur
 17493 | Lab      | Got a bloodstained arbalest
 17493 | Lab      | Got a transparent mace
 17495 | Lab      | Identified the +8 mace "Leoc" {flame, rC+ rN++ Str+4 Int-3} (You found it in a labyrinth)
 17496 | Lab      | Identified the +7 arbalest of Gallantry {velocity, rElec rF+ rN+ MP-9} (You found it in a labyrinth)
 17505 | Lab      | Gained mutation: Your flesh is very cold resistant. [potion of mutation]
 17505 | Lab      | Gained mutation: You are partially covered in molten scales (AC +1). [potion of mutation]
 17506 | Lab      | Gained mutation: You are frail (-10% HP). [potion of mutation]
 17506 | Lab      | Gained mutation: Potions and wands are less effective at restoring your health. [potion of mutation]
 17571 | Lair:4   | Lost mutation: Potions and wands are less effective at restoring your health. [potion of cure mutation]
 17571 | Lair:4   | Lost mutation: You are frail (-10% HP). [potion of cure mutation]
 17763 | Lair:4   | Noticed a death yak
 17917 | Lair:4   | Noticed a seven-headed hydra
 17937 | Lair:4   | Killed a seven-headed hydra
 18087 | Lair:4   | Reached skill level 5 in Armour
 18359 | Lair:4   | Found a staircase to the Swamp.
 18537 | Lair:4   | Noticed a catoblepas
 18556 | Lair:4   | Killed a catoblepas
 18776 | Lair:4   | Noticed a death yak
 18777 | Lair:4   | Noticed a death yak
 18778 | Lair:4   | Noticed a death yak
 18782 | Lair:4   | Noticed a death yak
 18783 | Lair:4   | Noticed a death yak
 18800 | Lair:4   | Killed a death yak
 18834 | Lair:3   | Killed a death yak
 18834 | Lair:3   | Killed a death yak
 19153 | Lair:4   | Noticed a fire dragon
 19298 | Lair:4   | Noticed a catoblepas
 19311 | Lair:4   | Killed a catoblepas
 19459 | Lair:5   | Noticed a death yak
 19483 | Lair:5   | Killed a death yak
 19548 | Lair:5   | Gained mutation: Potions and wands are less effective at restoring your health. [Ru sacrifice]
 19800 | Lair:5   | Found a staircase to the Snake Pit.
 19865 | Lair:5   | Reached XP level 13. HP: 113/123 MP: 13/13
 19928 | Lair:5   | Noticed a death yak
 19928 | Lair:5   | Noticed a death yak
 19929 | Lair:5   | Noticed a death yak
 19943 | Lair:5   | Killed a death yak
 19950 | Lair:5   | Killed a death yak
 19971 | Lair:5   | Mangled by a death yak

Action                   |  1- 3 |  4- 6 |  7- 9 | 10-12 | 13-15 || total
-------------------------+-------+-------+-------+-------+-------++-------
Melee: War axe           |   101 |   115 |   292 |       |       ||   508
       Hand axe          |       |       |   119 |   204 |       ||   323
       Battleaxe         |       |       |       |   610 |    34 ||   644
       Mace              |       |       |       |     6 |       ||     6
Throw: Stone             |       |       |       |     2 |       ||     2
Invok: Sacrifice Love    |       |       |     1 |       |       ||     1
       Sacrifice Essence |       |       |     1 |       |       ||     1
       Sacrifice Arcana  |       |       |       |     1 |       ||     1
       Draw Out Power    |       |       |       |     2 |     2 ||     4
       Reject Sacrifices |       |       |       |     1 |       ||     1
       Sacrifice Purity  |       |       |       |     1 |       ||     1
       Sacrifice Artific |       |       |       |     1 |       ||     1
 Abil: Spit Poison       |     1 |     3 |     7 |    11 |       ||    22
  Use: Scroll            |       |     7 |    11 |    17 |     1 ||    36
       Potion            |       |       |     8 |    12 |       ||    20
 Stab: Invisible         |       |       |     2 |    12 |     4 ||    18
       Distracted        |       |       |       |     9 |       ||     9
       Sleeping          |       |       |       |    25 |     1 ||    26
       Paralysed         |       |       |       |     5 |       ||     5
  Eat: Bread ration      |     1 |       |       |     2 |       ||     3
       Chunk             |       |     4 |    29 |    24 |       ||    57
       Pizza             |       |       |       |     2 |       ||     2
